 Dungeon Crawl Stone Soup version 0.29-a0-82-g837932c90e (webtiles) character file.

Game seed: 16090437273490529793

144 lordive the Ruffian (level 5, -2/49 HPs)
             Began as a Troll Warper on Feb 4, 2022.
             Killed by nerve-wracking pain
             ... invoked by Grinder
              (12 damage)
             ... while paralysed by Grinder
             ... on level 4 of the Dungeon.
             The game lasted 00:01:40 (539 turns).

lordive the Ruffian (Troll Warper)                   Turns: 539, Time: 00:01:41

Health: -2/49      AC:  4    Str: 19    XL:     5   Next: 5%
Magic:  6/6        EV:  1    Int: 11    God:
Gold:   18         SH:  0    Dex:  9    Spells: 6/6 levels left

rFire   . . .      SeeInvis .     - Unarmed
rCold   . . .      Faith    .   (no shield)
rNeg    . . .      Spirit   .   a - +0 robe
rPois   .          Reflect  .   (helmet restricted)
rElec   .          Harm     .   (no cloak)
rCorr   .          Rampage  .   (gloves unavailable)
Will    .....                   (boots unavailable)
Stlth   +.........              (no amulet)
HPRegen 0.96/turn               (no ring)
MPRegen 0.10/turn               (no ring)

@: paralysed
A: large, unfitting armour, claws 3, regeneration 1, shaggy fur 1, tough skin 1
a: no special abilities


You were on level 4 of the Dungeon.
You visited 1 branch of the dungeon, and saw 4 of its levels.

You collected 18 gold pieces.

Inventory:

Missiles
 c - 5 boomerangs of dispersal (quivered)
Armour
 a - a +0 robe (worn)
Jewellery
 d - an amulet of guardian spirit
 g - an amulet of the acrobat
Scrolls
 b - a scroll of blinking
 e - a scroll of vulnerability {unknown}
 f - a scroll of identify {unknown}
 i - a scroll of noise {unknown}
 j - a scroll of brand weapon {unknown}
Potions
 h - a potion of haste {unknown}


   Skills:
 + Level 1.7 Fighting
 + Level 0.9 Throwing
 + Level 2.6 Dodging
 + Level 3.4 Unarmed Combat
 + Level 1.4 Spellcasting
 * Level 3.1 Translocations


You had 6 spell levels left.
You didn't know any spells.
Your spell library contained the following spells:

 Spells                   Type           Power      Damage    Failure   Level
 Blink                    Tloc           14%        N/A       13%         2
 Gell's Gravitas          Tloc           7%         N/A       26%         3
 Lesser Beckoning         Tloc           7%         N/A       26%         3
 Teleport Other           Tloc           7%         N/A       26%         3
 Manifold Assault         Tloc           7%         N/A       94%         5


Dungeon Overview and Level Annotations

Branches:
Dungeon (4/15)
 Temple: D:4-7

Altars:
Hepliaklqana

Shops:
D:1 =

Annotations:
D:4 Grinder


Innate Abilities, Weirdness & Mutations

You are too large for most types of armour.
You have claws for hands.
Your natural rate of healing is unusually fast.
You are covered in fur. (AC +1)
You have tough skin. (AC +1)


Message History

Grinder blinks!
Grinder gestures at you. Pain shoots through your body!
You claw Grinder!
Grinder is moderately wounded.
Grinder hits you.
You writhe in agony.
You closely miss Grinder.
Grinder is moderately wounded.
Grinder says, "Tell me all your secrets, or I'll kill you."
Grinder barely misses you.
You barely miss Grinder. You claw Grinder.
Grinder is heavily wounded.
Grinder hits you.
You writhe in agony.
* * * LOW HITPOINT WARNING * * *
You closely miss Grinder.
Grinder is heavily wounded.
Grinder gestures at you.
You barely resist. You barely miss Grinder.
Grinder is heavily wounded.
Grinder hits you.
* * * LOW HITPOINT WARNING * * *
You claw Grinder!
Grinder is almost dead.
Grinder hits you!
* * * LOW HITPOINT WARNING * * *
You writhe in agony.
* * * LOW HITPOINT WARNING * * *
You barely miss Grinder.
Grinder is almost dead.
Grinder completely misses you.
You scratch Grinder.
Grinder is almost dead.
You barely miss Grinder.
Grinder is almost dead.
Grinder gestures at you.
You suddenly lose the ability to move!
Grinder gestures at you. Pain shoots through your body!
You die...

###+###+###+###.
#..#.......#..#. .......
#..#.......#..#. ...>.....
+..+###+###'..'. ..........
#..#.+...'.#..#.
.........#####..#.#...#.#..#.
..........##.'##'.#._.#.'##+.
......5...##.#..#.#...#.#..#.
..........##@#..#.+...+.#..#.
...........5.+..'###+###'..+.
...........###..#.....).#..##
....(......# #..#.......#..#
..........## ###'###+###'###
.........## #.# #.#.#.#
........## #.# #.....#
.......## #.#####.### ......#
#.......#


You could see Grinder.

Vanquished Creatures
  A water moccasin skeleton (D:4)
  A jelly (D:4)
  A hound skeleton (D:4)
  Robin (D:2)
  A worm (D:4)
  2 dart slugs
  A bat (D:1)
  3 endoplasms
  A giant cockroach (D:3)
  9 goblins
  4 hobgoblins
  4 jackals (D:1)
  4 ball pythons
  A rat (D:1)
34 creatures vanquished.

Notes
Turn   | Place    | Note
-------+----------+-------------------------------------------
     0 | D:1      | lordive the Troll Warper began the quest for the Orb.
     0 | D:1      | Reached XP level 1. HP: 19/19 MP: 1/1
    87 | D:1      | Reached XP level 2. HP: 26/27 MP: 3/3
   143 | D:1      | Found Amytue Nufa's Jewellery Shop.
   222 | D:2      | Noticed Robin
   263 | D:2      | Killed Robin
   264 | D:2      | Reached XP level 3. HP: 21/33 MP: 4/4
   364 | D:4      | Reached XP level 4. HP: 34/42 MP: 5/5
   380 | D:4      | Reached XP level 5. HP: 47/49 MP: 6/6
   468 | D:4      | Found a hazy altar of Hepliaklqana.
   513 | D:4      | Noticed Grinder
   538 | D:4      | Paralysed by Grinder for 3 turns
   539 | D:4      | Killed from afar by Grinder

Illustrated notes

Levels and vault maps discovered:
D:1:      dpeg_arrival_chambers_temple_mockup, layout_basic, serial_shops,
          nicolae_shop_hallway_stairs, chequers_serial_rivers_large_a
D:2:      layout_basic, shapermc_ecumenical_altar_mp_vishouse, basic_altar,
          minmay_strange_pillars, minmay_goblin_kobold_house, uniq_robin,
          uniq_crazy_yiuf_cottage
D:3:      layout_basic, kennysheep_cross_room, amcnicky_mini_pool_small
D:4:      layout_cave_pods, mainiacjoe_overflow_24_doors,
          kiku_gazebo_pond_becter, minmay_temple_entry_glassed_door,
          serial_shops, kennysheep_little_box, uniq_grinder

Skill      XL: |  1  2  3 |
---------------+----------+-----
Dodging        | 2 |  2.6
Unarmed Combat | 3 |  3.4
Translocations | 3 |  3.1
Fighting       | |  1.7
Throwing       | |  0.9
Spellcasting   | |  1.4

Action                   |  1- 3 |  4- 6 || total
-------------------------+-------+-------++-------
Melee: Unarmed           |    64 |    21 ||    85
       Punch             |       |     2 ||     2
Armor: Robe              |    20 |     1 ||    21
Dodge: Dodged            |    32 |     8 ||    40

Table legend: (Time is in decaauts)
 A = Elapsed time spent in this place.
 B = Non-inter-level travel time spent in this place.
 C = Inter-level travel time spent in this place.
 D = Time resting spent in this place.
 E = Time spent auto-exploring this place.
 F = Levels seen in this place.
 G = Mean time per level.
                   A        B        C        D        E       F      G
               +--------+--------+--------+--------+--------+-----+--------+
         Total |    533 |    493 |     40 |      0 |    325 |   4 |  133.2 |
       Dungeon |    533 |    493 |     40 |      0 |    325 |   4 |  133.2 |
               +--------+--------+--------+--------+--------+-----+--------+

Top non-repeatable levels by time:
     D:4: 207 daAuts
     D:1: 153 daAuts
     D:2: 141 daAuts
     D:3: 31 daAuts
